AoeStats
← DemonioVilar

Arabia

509277544Analyzed
2v2 RM · 8d ago on Sep 26, 2026· 51m 39s· 4 players
Game mode
Random Map
Map size
Medium (4 player)
Population
200
Speed
Normal
Resources
Standard
Victory
Conquest
Starting age
Dark Age
Ending age
Imperial Age
RankedLock teamsTeams togetherTeam positionsShared explorationLock speedFull tech treeHidden civsTurbo modeCheats
Victory
Defeat
🇵🇪 Byzantines · Peru
1008
+14
🇵🇪 Bulgarians · Peru
951
+17
🇦🇷 Turks · Argentina
973
-16
🇦🇷 Mongols · Argentina
950
-15
DemonioVilar
9:11 Feudal Age
9:45 Double-Bit Axe
15:23 Horse Collar
15:52 Fletching
17:29 Loom
23:42 Castle Age
24:26 Bloodlines
25:15 Forging
25:20 Gold Mining
26:13 Scale Barding Armor
26:23 Husbandry
28:13 Bow Saw
36:32 Bodkin Arrow
LEOLAZZA
8:02 Loom
9:55 Feudal Age
12:22 Double-Bit Axe
14:37 Fletching
17:05 Padded Archer Armor
23:11 Horse Collar
25:50 Castle Age
24:54 Wheelbarrow
25:55 Scale Barding Armor
26:36 Bloodlines
28:59 Forging
30:17 Husbandry
31:26 Thumb Ring
34:24 Chain Barding Armor
34:40 Iron Casting
36:23 Bodkin Arrow
36:55 Hand Cart
36:52 Heavy Plow
37:06 Bow Saw
44:11 Imperial Age
44:05 Town Watch
46:31 Plate Barding Armor
47:03 Two-Man Saw
48:23 Blast Furnace
Fer1024
10:27 Loom
12:13 Feudal Age
18:55 Bloodlines
22:35 Forging
22:31 Scale Barding Armor
25:12 Castle Age
23:31 Double-Bit Axe
23:39 Gold Mining
24:06 Stone Mining
27:40 Wheelbarrow
27:05 Gambesons
27:29 Husbandry
27:35 Squires
27:22 Arson
28:11 Bow Saw
29:17 Iron Casting
28:46 Scale Mail Armor
30:52 Chain Mail Armor
31:51 Pikeman
35:15 Chain Barding Armor
36:06 Gold Shaft Mining
36:10 Stone Shaft Mining
38:50 Imperial Age
37:02 Fervor
39:03 Stirrups
40:05 Capped Ram
43:21 Plate Mail Armor
45:03 Siege Ram
46:38 Wheelbarrow
49:05 Elite Konnik
51:22 Caravan
51:44 Bagains
52:11 Conscription
Juan el bAUTISTA
7:47 Loom
10:16 Feudal Age
11:11 Double-Bit Axe
14:34 Wheelbarrow
15:18 Fletching
16:56 Padded Archer Armor
22:39 Castle Age
20:38 Horse Collar
23:09 Scale Mail Armor
23:41 Gold Mining
24:05 Bow Saw
23:20 Elite Skirmisher
24:38 Thumb Ring
25:03 Heavy Plow
26:04 Pikeman
29:21 Forging
29:46 Chain Mail Armor
29:47 Leather Archer Armor
30:37 Crossbowman
32:04 Bodkin Arrow
32:46 Iron Casting
32:07 Gambesons
33:04 Stone Mining
34:01 Gold Shaft Mining
36:43 Squires
36:59 Scale Barding Armor
39:52 Redemption
44:40 Imperial Age
42:26 Hand Cart
43:19 Sanctity
44:39 Chain Barding Armor
45:40 Bracer
46:51 Block Printing
48:07 Ballistics
48:47 Chemistry
49:50 Arbalester
Connection lost

Rejoining the realm…

Still unreachable

The connection could not be restored.

Session expired

The server has moved on; the page needs a fresh start.